| TOP OF THE 1ST |
|
Philadelphia (APP) Phillies batting - Pitching for Grand Junction Rockies : LHP Kyle Mearkle
|
|
Pitching: LHP Kyle Mearkle
|
|
|
Batting: LHB Matt Urbanek
|
0-0: Ball 1-0: Ball 2-0: Ball 3-0: Called Strike 3-1: DOUBLE (Flyball, 8LD, EV 85.0 MPH)
|
|
Batting: RHB Carlos Morejon
|
0-0: Foul Ball, location: 2F 0-1: Swinging Strike 0-2: Ball 1-2: Foul Ball, location: 2F 1-2: Ground out 2-3 (Groundball, 15S, EV 67.5 MPH) Matt Urbanek to third
|
|
Batting: LHB Alex Fernandez
|
0-0: Called Strike 0-1: Called Strike 0-2: Foul Ball, location: 2F 0-2: Ball 1-2: Fly out, F9 (Flyball, 9LM, EV 88.8 MPH) Runner from 3rd tags up, OUT at HOME! 9-2
|
| Top of the 1st over - 0 runs, 1 hit, 0 errors, 0 left on base; Philadelphia (APP) 0 - Grand Junction 0 |
| BOTTOM OF THE 1ST |
|
Grand Junction Rockies batting - Pitching for Philadelphia (APP) Phillies : RHP Alex Florez
|
|
Pitching: RHP Alex Florez
|
|
|
Batting: LHB Steve Gilliam
|
0-0: Ball 1-0: Ball 2-0: Foul Ball, location: 2F 2-1: Ball 3-1: Base on Balls
|
|
Batting: LHB Bill McGregor
|
0-0: Called Strike 0-1: Ball Steve Gilliam steals 2nd, throwing error, E2 Steve Gilliam to third 1-1: Called Strike 1-2: Foul Ball, location: 2F 1-2: Foul Ball, location: 2F 1-2: Strikes out swinging
|
|
Batting: RHB John Boyer
|
0-0: Called Strike 0-1: Ball 1-1: Reached on error, E5 (Groundball, 56S, EV 95.0 MPH) Steve Gilliam scores
|
|
Batting: RHB Henry Alvizo
|
0-0: Ball 1-0: SINGLE (Line Drive, 56D, EV 101.9 MPH) John Boyer to second
|
|
Batting: LHB Luke Coulter
|
0-0: Called Strike 0-1: Ball 1-1: Ball 2-1: Grounds into double play, 4-6-3 (Groundball, 4M, EV 85.6 MPH)
|
| Bottom of the 1st over - 1 run, 1 hit, 2 errors, 1 left on base; Philadelphia (APP) 0 - Grand Junction 1 |
| TOP OF THE 2ND |
|
Philadelphia (APP) Phillies batting - Pitching for Grand Junction Rockies : LHP Kyle Mearkle
|
|
Batting: RHB Kyle Reilly
|
0-0: Ball 1-0: Ball 2-0: Ball 3-0: Base on Balls
|
|
Batting: RHB Seung-mun Kim
|
0-0: Ball 1-0: Ball 2-0: Ball 3-0: Base on Balls Kyle Reilly to second
|
|
Batting: RHB Vaclav Been
|
0-0: Called Strike 0-1: Ball 1-1: Called Strike 1-2: Foul Ball, location: 2F 1-2: Strikes out swinging
|
|
Batting: RHB Mark Schultz
|
0-0: Ball 1-0: Called Strike 1-1: Foul Ball, location: 2F 1-2: Foul Ball, location: 2F 1-2: SINGLE (Groundball, 6MD, EV 99.4 MPH) Kyle Reilly to third Seung-mun Kim to second
|
|
Batting: LHB Danny Zuniga
|
0-0: Ball 1-0: Ball 2-0: Called Strike 2-1: Called Strike 2-2: Ball 3-2: Foul Ball, location: 2F 3-2: Strikes out swinging
|
|
Batting: LHB Eric Farren
|
0-0: SINGLE (Groundball, 6S, EV 68.8 MPH) (infield hit) Kyle Reilly scores Seung-mun Kim to third Mark Schultz to second
|
|
Batting: LHB Matt Urbanek
|
0-0: Called Strike 0-1: Ground out 4-3 (Groundball, 4, EV 82.5 MPH)
|
| Top of the 2nd over - 1 run, 2 hits, 0 errors, 3 left on base; Philadelphia (APP) 1 - Grand Junction 1 |
| BOTTOM OF THE 2ND |
|
Grand Junction Rockies batting - Pitching for Philadelphia (APP) Phillies : RHP Alex Florez
|
|
Batting: LHB Chris Salim
|
0-0: Foul Ball, location: 2F 0-1: SINGLE (Line Drive, 78S, EV 103.1 MPH)
|
|
Batting: RHB Willis Morales
|
0-0: Ball Chris Salim is caught stealing 2nd base 2-4 1-0: Foul Ball, location: 2F 1-1: Ground out 1-3 (Groundball, 13S, EV 69.4 MPH)
|
|
Batting: RHB Juan Figueroa
|
0-0: Foul Ball, location: 2F 0-1: Called Strike 0-2: DOUBLE (Flyball, 8LXD, EV 87.5 MPH)
|
|
Batting: RHB Bryce Hickman
|
0-0: Ball 1-0: Ball 2-0: Fly out, F8 (Flyball, 8RM, EV 85.6 MPH)
|
| Bottom of the 2nd over - 0 runs, 2 hits, 0 errors, 1 left on base; Philadelphia (APP) 1 - Grand Junction 1 |
| TOP OF THE 3RD |
|
Philadelphia (APP) Phillies batting - Pitching for Grand Junction Rockies : LHP Kyle Mearkle
|
|
Batting: RHB Carlos Morejon
|
0-0: SINGLE (Flyball, 56D, EV 99.4 MPH)
|
|
Batting: LHB Alex Fernandez
|
0-0: Foul Ball, location: 2F 0-1: Ball 1-1: Ground out 4-3 (Groundball, 4MS, EV 68.8 MPH) Carlos Morejon to second
|
|
Batting: RHB Kyle Reilly
|
0-0: Called Strike 0-1: Foul Ball, location: 2F 0-2: Strikes out swinging
|
|
Batting: RHB Seung-mun Kim
|
0-0: Ball 1-0: Ball 2-0: Ball 3-0: Called Strike 3-1: Foul Ball, location: 2F 3-2: Fly out, F8 (Flyball, 8LD, EV 98.8 MPH)
|
| Top of the 3rd over - 0 runs, 1 hit, 0 errors, 1 left on base; Philadelphia (APP) 1 - Grand Junction 1 |
| BOTTOM OF THE 3RD |
|
Grand Junction Rockies batting - Pitching for Philadelphia (APP) Phillies : RHP Alex Florez
|
|
Batting: LHB Steve Gilliam
|
0-0: Called Strike 0-1: Ball 1-1: Swinging Strike 1-2: Ball 2-2: Foul Ball, location: 2F 2-2: Fly out, F7 (Flyball, 7LM, EV 93.8 MPH)
|
|
Batting: LHB Bill McGregor
|
0-0: Called Strike 0-1: Ball 1-1: Ball 2-1: Swinging Strike 2-2: Foul Ball, location: 2F 2-2: Ball 3-2: Base on Balls
|
|
Batting: RHB John Boyer
|
0-0: Ball Bill McGregor steals 2nd, throwing error, E2 Bill McGregor to third 1-0: Ground out 5-3 (Groundball, 56D, EV 85.6 MPH) Bill McGregor scores
|
|
Batting: RHB Henry Alvizo
|
0-0: Called Strike 0-1: Fly out, F9 (Line Drive, 9S, EV 103.1 MPH)
|
| Bottom of the 3rd over - 1 run, 0 hits, 1 error, 0 left on base; Philadelphia (APP) 1 - Grand Junction 2 |
| TOP OF THE 4TH |
|
Philadelphia (APP) Phillies batting - Pitching for Grand Junction Rockies : LHP Kyle Mearkle
|
|
Batting: RHB Vaclav Been
|
0-0: Foul Ball, location: 2F 0-1: Called Strike 0-2: Strikes out swinging
|
|
Batting: RHB Mark Schultz
|
0-0: Fly out, F7 (Flyball, 7S, EV 92.5 MPH)
|
|
Batting: LHB Danny Zuniga
|
0-0: Ball 1-0: Ball 2-0: Foul Ball, location: 2F 2-1: Foul Ball, location: 2F 2-2: Foul Ball, location: 2F 2-2: Ground out 4-3 (Groundball, 4, EV 93.8 MPH)
|
| Top of the 4th over - 0 runs, 0 hits, 0 errors, 0 left on base; Philadelphia (APP) 1 - Grand Junction 2 |
| BOTTOM OF THE 4TH |
|
Grand Junction Rockies batting - Pitching for Philadelphia (APP) Phillies : RHP Alex Florez
|
|
Batting: LHB Luke Coulter
|
0-0: Called Strike 0-1: Ball 1-1: Ball 2-1: SINGLE (Line Drive, 89M, EV 98.1 MPH)
|
|
Batting: LHB Chris Salim
|
0-0: Ball 1-0: Ball 2-0: Ball 3-0: Base on Balls Luke Coulter to second
|
|
Batting: RHB Willis Morales
|
0-0: Ball 1-0: Foul Ball, location: 2F 1-1: Foul Ball, location: 2F 1-2: 3-RUN HOME RUN (Flyball, 7D, EV 98.1 MPH), Distance : 381 ft
|
|
Pitching: RHP Tony Trevino
|
|
|
Batting: RHB Juan Figueroa
|
0-0: Foul Ball, location: 2F 0-1: Ball 1-1: Foul Ball, location: 2F 1-2: Ball 2-2: Ball 3-2: Fly out, F5 (Popup, 56S, EV 75.6 MPH)
|
|
Batting: RHB Bryce Hickman
|
0-0: Ball 1-0: Fly out, F8 (Line Drive, 8LD, EV 86.3 MPH)
|
|
Batting: LHB Steve Gilliam
|
0-0: Foul Ball, location: 2F 0-1: Ground out 1-3 (Groundball, P, EV 71.3 MPH)
|
| Bottom of the 4th over - 3 runs, 2 hits, 0 errors, 0 left on base; Philadelphia (APP) 1 - Grand Junction 5 |
| TOP OF THE 5TH |
|
Philadelphia (APP) Phillies batting - Pitching for Grand Junction Rockies : LHP Kyle Mearkle
|
|
Batting: LHB Eric Farren
|
0-0: SINGLE (Line Drive, 3D, EV 96.9 MPH)
|
|
Batting: LHB Matt Urbanek
|
0-0: Ball 1-0: Ball 2-0: Ball 3-0: Base on Balls Eric Farren to second
|
|
Batting: RHB Carlos Morejon
|
0-0: Foul Ball, location: 2F 0-1: Ball 1-1: Fly out, F8 (Flyball, 8RXD, EV 103.8 MPH) Runner from 2nd tags up, SAFE at 3rd, no throw by CF
|
|
Batting: LHB Alex Fernandez
|
0-0: SINGLE (Groundball, 4MD, EV 108.1 MPH) Eric Farren scores Matt Urbanek to second
|
|
Batting: RHB Kyle Reilly
|
0-0: Fly out, F4 (Line Drive, 4, EV 71.9 MPH)
|
|
Batting: RHB Seung-mun Kim
|
0-0: Called Strike 0-1: Called Strike 0-2: Strikes out swinging
|
| Top of the 5th over - 1 run, 2 hits, 0 errors, 2 left on base; Philadelphia (APP) 2 - Grand Junction 5 |
| BOTTOM OF THE 5TH |
|
Grand Junction Rockies batting - Pitching for Philadelphia (APP) Phillies : RHP Tony Trevino
|
|
Batting: LHB Bill McGregor
|
0-0: Ball 1-0: Called Strike 1-1: Ball 2-1: Ball 3-1: Base on Balls
|
|
Batting: RHB John Boyer
|
0-0: Ball 1-0: Ball 2-0: Ball 3-0: Called Strike 3-1: Base on Balls Bill McGregor to second
|
|
Batting: RHB Henry Alvizo
|
0-0: Ball 1-0: Ball 2-0: Foul Ball, location: 2F 2-1: Called Strike 2-2: Ball 3-2: Strikes out looking
|
|
Batting: LHB Luke Coulter
|
0-0: Ball 1-0: Ball 2-0: Called Strike 2-1: Foul Ball, location: 2F 2-2: SINGLE (Groundball, 4MD, EV 99.4 MPH) Bill McGregor to third John Boyer to second Runner from 3rd tries for Home, SAFE, throw by CF to home
|
|
Pitching: RHP Georgs Felitti
|
|
|
Batting: LHB Chris Salim
|
0-0: Ball 1-0: Fielders Choice at 2nd, 3-6 (Groundball, 13, EV 80.0 MPH) John Boyer to third
|
|
Batting: RHB Willis Morales
|
0-0: Ball 1-0: Called Strike 1-1: Ground out 5-3 (Groundball, 56S, EV 78.8 MPH)
|
| Bottom of the 5th over - 1 run, 1 hit, 0 errors, 2 left on base; Philadelphia (APP) 2 - Grand Junction 6 |
| TOP OF THE 6TH |
|
Philadelphia (APP) Phillies batting - Pitching for Grand Junction Rockies : LHP Kyle Mearkle
|
|
Pitching: RHP Jim Micaletti
|
|
|
Batting: RHB Vaclav Been
|
0-0: Called Strike 0-1: Foul Ball, location: 2F 0-2: Ball 1-2: Ball 2-2: Ball 3-2: Ground out 3-1 (Groundball, 34, EV 106.3 MPH)
|
|
Batting: RHB Mark Schultz
|
0-0: Swinging Strike 0-1: Ball 1-1: Ball 2-1: Ball 3-1: Foul Ball, location: 2F 3-2: Foul Ball, location: 2F 3-2: Strikes out swinging
|
|
Batting: LHB Danny Zuniga
|
0-0: Ball 1-0: Ball 2-0: Ball 3-0: Called Strike 3-1: Called Strike 3-2: Base on Balls
|
|
Batting: LHB Eric Farren
|
0-0: Ball 1-0: Called Strike 1-1: Foul Ball, location: 2F 1-2: Fielders Choice at 2nd, 6-4 (Groundball, 6, EV 106.9 MPH)
|
| Top of the 6th over - 0 runs, 0 hits, 0 errors, 1 left on base; Philadelphia (APP) 2 - Grand Junction 6 |
| BOTTOM OF THE 6TH |
|
Grand Junction Rockies batting - Pitching for Philadelphia (APP) Phillies : RHP Georgs Felitti
|
|
Batting: RHB Juan Figueroa
|
0-0: Ball 1-0: Swinging Strike 1-1: Ball 2-1: Foul Ball, location: 2F 2-2: Ground out 4-3 (Groundball, 34, EV 76.3 MPH)
|
|
Batting: RHB Bryce Hickman
|
0-0: Fly out, F7 (Flyball, 7LD, EV 105.0 MPH)
|
|
Batting: LHB Steve Gilliam
|
0-0: Foul Ball, location: 2F 0-1: Foul Ball, location: 2F 0-2: Foul Ball, location: 2F 0-2: Ball 1-2: Ball 2-2: Ball 3-2: Base on Balls
|
|
Batting: LHB Bill McGregor
|
0-0: Ball Wild Pitch! Steve Gilliam to second 1-0: Called Strike 1-1: Ball 2-1: Foul Ball, location: 2F 2-2: Foul Ball, location: 2F 2-2: Ball 3-2: Fly out, F9 (Flyball, 89S, EV 93.1 MPH)
|
| Bottom of the 6th over - 0 runs, 0 hits, 0 errors, 1 left on base; Philadelphia (APP) 2 - Grand Junction 6 |
| TOP OF THE 7TH |
|
Philadelphia (APP) Phillies batting - Pitching for Grand Junction Rockies : RHP Jim Micaletti
|
|
Now at SS: Willie Benito
|
|
|
Batting: LHB Matt Urbanek
|
0-0: Called Strike 0-1: DOUBLE (Flyball, 8RD, EV 88.1 MPH) - OUT at third base trying to stretch hit.
|
|
Batting: RHB Carlos Morejon
|
0-0: Ball 1-0: Called Strike 1-1: Ground out 1-3 (Groundball, 15S, EV 70.6 MPH)
|
|
Batting: LHB Alex Fernandez
|
0-0: Called Strike 0-1: Ground out U3 (Groundball, 3L, EV 100.6 MPH)
|
| Top of the 7th over - 0 runs, 1 hit, 0 errors, 0 left on base; Philadelphia (APP) 2 - Grand Junction 6 |
| BOTTOM OF THE 7TH |
|
Grand Junction Rockies batting - Pitching for Philadelphia (APP) Phillies : RHP Georgs Felitti
|
|
Pitching: LHP Ignacio Amaya
|
|
|
Batting: RHB John Boyer
|
0-0: Ball 1-0: Foul Ball, location: 2F 1-1: SINGLE (Line Drive, 7S, EV 86.3 MPH)
|
|
Batting: RHB Henry Alvizo
|
0-0: Called Strike 0-1: Swinging Strike 0-2: Foul Ball, location: 2F 0-2: Ball 1-2: Foul Ball, location: 2F 1-2: Strikes out swinging
|
|
Batting: LHB Luke Coulter
|
0-0: Fly out, F5 (Line Drive, 5, EV 75.6 MPH)
|
|
Batting: LHB Chris Salim
|
0-0: Swinging Strike 0-1: Ball 1-1: Ball 2-1: Foul Ball, location: 2F 2-2: Foul Ball, location: 2F 2-2: Strikes out swinging
|
| Bottom of the 7th over - 0 runs, 1 hit, 0 errors, 1 left on base; Philadelphia (APP) 2 - Grand Junction 6 |
| TOP OF THE 8TH |
|
Philadelphia (APP) Phillies batting - Pitching for Grand Junction Rockies : RHP Jim Micaletti
|
|
Now in LF: Zakhar Edelman
|
|
|
Batting: RHB Kyle Reilly
|
0-0: Called Strike 0-1: SOLO HOME RUN (Flyball, 8RXD, EV 115.0 MPH), Distance : 459 ft
|
|
Batting: RHB Seung-mun Kim
|
0-0: Ball 1-0: Ball 2-0: Ball 3-0: Base on Balls
|
|
Batting: RHB Vaclav Been
|
0-0: Ball 1-0: Ball 2-0: Foul Ball, location: 2F 2-1: Fly out, F9 (Line Drive, 9D, EV 102.5 MPH)
|
|
Batting: RHB Mark Schultz
|
0-0: Called Strike 0-1: Ball 1-1: Ball 2-1: Fielders Choice at 2nd, 6-4 (Groundball, 6MD, EV 105.0 MPH)
|
|
Batting: LHB Danny Zuniga
|
0-0: Called Strike 0-1: Ground out U3 (Groundball, 3, EV 77.5 MPH)
|
| Top of the 8th over - 1 run, 1 hit, 0 errors, 1 left on base; Philadelphia (APP) 3 - Grand Junction 6 |
| BOTTOM OF THE 8TH |
|
Grand Junction Rockies batting - Pitching for Philadelphia (APP) Phillies : LHP Ignacio Amaya
|
|
Pitching: RHP Dustin Greaves
|
|
|
Batting: RHB Willie Benito
|
0-0: Called Strike 0-1: Ball 1-1: Ball 2-1: Ball 3-1: Base on Balls
|
|
Batting: RHB Juan Figueroa
|
0-0: Sac Bunt to 15 - play at first, batter OUT! 1-3 Willie Benito to second
|
|
Batting: RHB Bryce Hickman
|
0-0: Called Strike 0-1: Ball 1-1: 2-RUN HOME RUN (Flyball, 7D, EV 105.0 MPH), Distance : 393 ft
|
|
Batting: LHB Steve Gilliam
|
0-0: Swinging Strike 0-1: Ball 1-1: Ball 2-1: Foul Ball, location: 2F 2-2: Fly out, F9 (Flyball, 9LM, EV 83.1 MPH)
|
|
Batting: LHB Bill McGregor
|
0-0: Called Strike 0-1: Ball 1-1: Called Strike 1-2: Strikes out looking
|
| Bottom of the 8th over - 2 runs, 1 hit, 0 errors, 0 left on base; Philadelphia (APP) 3 - Grand Junction 8 |
| TOP OF THE 9TH |
|
Philadelphia (APP) Phillies batting - Pitching for Grand Junction Rockies : RHP Jim Micaletti
|
|
Batting: LHB Eric Farren
|
0-0: Ball 1-0: Foul Ball, location: 2F 1-1: Fly out, F5 (Popup, 56S, EV 83.8 MPH)
|
|
Batting: LHB Matt Urbanek
|
0-0: Foul Ball, location: 2F 0-1: Swinging Strike 0-2: Ball 1-2: Foul Ball, location: 2F 1-2: Ball 2-2: Strikes out swinging
|
|
Batting: RHB Carlos Morejon
|
0-0: Ball 1-0: DOUBLE (Groundball, 5L, EV 102.5 MPH)
|
|
Batting: LHB Alex Fernandez
|
0-0: Called Strike 0-1: DOUBLE (Line Drive, 89D, EV 106.9 MPH) Carlos Morejon scores
|
|
Batting: RHB Kyle Reilly
|
0-0: Ball 1-0: Called Strike 1-1: Ball 2-1: SINGLE (Groundball, 34D, EV 96.3 MPH) Alex Fernandez to third
|
|
Pitching: RHP Vas Karamyshev
|
|
|
Batting: RHB Seung-mun Kim
|
0-0: Called Strike 0-1: Ball 1-1: Ball 2-1: Ball 3-1: Swinging Strike 3-2: Foul Ball, location: 2F 3-2: Foul Ball, location: 2F 3-2: Foul Ball, location: 2F 3-2: Base on Balls Kyle Reilly to second
|
|
Batting: RHB Vaclav Been
|
0-0: Ball 1-0: Foul Ball, location: 2F 1-1: Ground out 4-3 (Groundball, 4S, EV 70.0 MPH)
|
| Top of the 9th over - 1 run, 3 hits, 0 errors, 3 left on base; Philadelphia (APP) 4 - Grand Junction 8 |
|